[Event "1st FIDE Olympiad DIS 2023"]
[Site "Belgrade"]
[Date "2023.01.31"]
[Round "2.5"]
[White "Gruenfeld, Yehuda"]
[Black "Pavicevic, Jovan R"]
[Result "1/2-1/2"]
[ECO "C18"]
[WhiteElo "2414"]
[BlackElo "2214"]
[Annotator "TA"]
[PlyCount "108"]
[EventDate "2023.01.30"]
[EventType "team-tourn"]
[EventCountry "SRB"]
[SourceTitle "playchess.com"]
[Source "ChessBase"]
[SourceQuality "1"]
[WhiteTeam "Israel"]
[BlackTeam "Serbia"]
[WhiteTeamCountry "ISR"]
[BlackTeamCountry "SRB"]
[TimeControl "40/5400+30:1800+30"]

1. e4 e6 2. d4 d5 3. Nc3 Bb4 4. e5 c5 5. a3 Bxc3+ 6. bxc3 Ne7 7. Qg4 Kf8 8. a4 Qc7 {[%emt 0:01:26] C18: French: 3 Nc3 Bb4: Main line: 7 h4 and 7 Qg4.} 9. Qd1 Kg8 10. Nf3 b6 {[%emt 0:08:28] White is slightly better.} 11. Ba3 cxd4 {[%emt 0:07:44] [#]} 12. Qxd4 $146 (12. Bxe7 $14 Qxe7 13. cxd4) ({Predecessor:} 12. Bxe7 Qxe7 13. cxd4 Qb4+ 14. Qd2 Qxd2+ 15. Nxd2 Nc6 16. Nb3 a5 17. Bb5 Bb7 18. Kd2 {1-0 Astroukh,V (2512)-Relyea,A (2332) Webchess op7 sf01 email 2019}) 12... Nec6 (12... Nbc6 $17 13. Qd2 Nxe5) 13. Qe3 $14 Ba6 14. Bd6 Qc8 15. Bd3 Na5 16. O-O {[%emt 0:00:56] Black is weak on the dark squares} Nc4 17. Qf4 (17. Bxc4 {simplifies} Bxc4 18. Rfb1 Nc6 19. Nd2) 17... Nc6 18. Rfe1 Qb7 (18... h6 {with more complications.} 19. h4 Nb2 20. Bb5 Nc4) 19. Bxc4 (19. Reb1 {is more complex.} Qd7 20. Bb4 h6 21. Re1) 19... Bxc4 20. Re3 Ba6 21. h4 (21. Nd4 {is interesting.} h6 22. Rg3 Qd7 23. h4) 21... Na5 22. Nd2 h6 23. Rg3 Nc4 24. Nxc4 Bxc4 25. Rd1 $40 {[%emt 0:00:48][%mdl 128] White is up to no good.} Kh7 $2 (25... Rh7 $11) 26. Rd4 (26. Qg4 Rhg8 $15) ({White should try} 26. Qf3 $18) 26... Rad8 (26... Be2 $16) 27. Qf3 $18 {[%emt 0:01:07] Threatens to win with Rxc4.} (27. Qg4 Rhg8 $11) 27... Rd7 $2 (27... Ba6 28. Rdg4 (28. Qg4 Rhg8 $16) 28... Rhg8) 28. h5 $2 ({Worse is} 28. Qg4 Rg8 $11) (28. Rdg4 $1 $18 {[%csl Gg3][%cal Rg4g7] is the precise move to win.} f6 29. exf6) 28... Rg8 29. Rdg4 $1 {[%emt 0:00:49][%cal Of3f6] White has more active pieces.} Qc8 30. Ba3 Qe8 (30... Qd8 $142) 31. Bc1 {[%emt 0:01:45][%cal Oc1h6] Bxh6! is the strong threat.} Qf8 32. Kh2 Rd8 {[%emt 0:01:33] [#]} (32... Rc7 $16) 33. Rf4 (33. Qe3 $1 $18 {[%cal Og4g7] Strongly threatening Rxg7+!} Rc8 34. a5) 33... Rd7 $16 34. Be3 (34. Qe3 $16) 34... Rc7 $11 35. Bd2 Ba6 36. Be3 $1 Bb7 {[%emt 0:00:30] White must now prevent ...d4.} (36... Rxc3 $2 37. Rxf7 $18) 37. Bd4 Ba6 38. Rfg4 Rc8 39. Rf4 Rc7 40. Qg4 Qe8 41. Kg1 Qf8 ({Much less strong is} 41... Qxa4 42. Rxf7 Rxf7 43. Qg6+ Kh8 44. Qxf7 $16) (41... Kh8 $11) 42. Rgf3 $1 $14 {[%emt 0:00:00][%cal Of4f7,Bg3f3,Bf3f7,Bf7c7,Bc7c6,Bc6a6,Ba6a5][%mdl 32] Hoping for Rxf7!} Be2 {[%emt 0:02:20] [#]} 43. Rxf7 Qxf7 (43... Rxf7 $2 44. Qg6+ Kh8 45. Rxf7 $18) 44. Rxf7 {[%emt 0:00:00][%mdl 64] White threatens Qg6+ and mate. Discovered Attack} Bxg4 45. Rxc7 {[%emt 0:00:00][%mdl 4096] Endgame KRB-KRB} Ra8 46. Rc6 Re8 {[%emt 0:01:11] [#]} 47. a5 bxa5 $11 48. Ra6 Bxh5 49. Rxa5 Bg6 50. Ra2 a5 51. f3 (51. Rxa5 $11 Bxc2 52. f3) 51... Ra8 $15 {[%emt 0:00:54] Black is slightly better.} 52. Kf2 a4 53. Ke3 Be8 54. Bc5 Kh8 {[%emt 0:00:55] White really could win this.   Weighted Error Value: White=0.28 (precise) /Black=0.23 (precise)} 1/2-1/2

[Event "1st FIDE Olympiad DIS 2023"]
[Site "Belgrade"]
[Date "2023.01.31"]
[Round "2.5"]
[White "Kevorkov, Artur"]
[Black "Soltanov, Serik"]
[Result "1/2-1/2"]
[ECO "B06"]
[WhiteElo "2158"]
[BlackElo "2266"]
[Annotator "TA"]
[PlyCount "32"]
[EventDate "2023.01.30"]
[EventType "team-tourn"]
[EventCountry "SRB"]
[SourceTitle "playchess.com"]
[Source "ChessBase"]
[SourceQuality "1"]
[WhiteTeam "Germany"]
[BlackTeam "Kazakhstan"]
[WhiteTeamCountry "GER"]
[BlackTeamCountry "KAZ"]
[TimeControl "40/5400+30:1800+30"]

1. e4 g6 2. d4 h5 3. Nc3 {[%emt 0:00:32] [#]} Nh6 $146 ({Predecessor:} 3... Bg7 4. f4 a6 5. Nf3 c6 6. Bd3 d5 7. O-O Bg4 8. e5 e6 9. Ne2 h4 {0-1 Svidler,P (2694)-Nakamura,H (2736) Speed Chess Chess.com INT blitz 2021 (1.54)}) 4. Bc4 c6 5. Nf3 Na6 6. Bf4 {[%emt 0:26:22] B06: Modern Defence.} d6 7. Qd2 {[%emt 0:01:09] White has more active pieces.} Nc7 8. h3 {[%emt 0:02:25] White is better.} Be6 9. Bb3 Bxb3 10. axb3 Qd7 11. O-O Ne6 {[%emt 0:08:38] [#]} (11... f6 $16) 12. Be3 $1 $18 {[%emt 0:00:06] And now d5 would win.} Nc7 13. Rfe1 Bg7 14. Bf4 Ne6 15. Be3 Nc7 $1 16. Bf4 Ne6 {[%emt 0:00:09] Weighted Error Value: White=0.36/Black=0.10 (very precise)} 1/2-1/2

[Event "1st FIDE Olympiad DIS 2023"]
[Site "Belgrade"]
[Date "2023.01.31"]
[Round "2.6"]
[White "Tonic, Milos"]
[Black "Streltsov, Alexey"]
[Result "0-1"]
[ECO "D31"]
[WhiteElo "2018"]
[BlackElo "2317"]
[Annotator "TA"]
[PlyCount "108"]
[EventDate "2023.01.30"]
[EventType "team-tourn"]
[EventCountry "SRB"]
[SourceTitle "playchess.com"]
[Source "ChessBase"]
[SourceQuality "1"]
[WhiteTeam "Serbia"]
[BlackTeam "Israel"]
[WhiteTeamCountry "SRB"]
[BlackTeamCountry "ISR"]
[TimeControl "40/5400+30:1800+30"]

1. c4 e6 2. Nc3 d5 3. cxd5 exd5 4. d4 c6 5. Bf4 Nf6 6. e3 Bf5 7. Bd3 Bxd3 8. Qxd3 Bd6 9. Nge2 O-O {[%emt 0:00:10] D31: Queen's Gambit Declined: Semi-Slav without ...Nf6 (+ Marshall Gambit and Noteboom) and Exchange Variation lines without ...Nf6.} 10. O-O Re8 11. Rae1 {[%emt 0:11:40] [#]} Bf8 $146 {[%emt 0:25:44] The position is equal.} ({Predecessor:} 11... Bxf4 12. Nxf4 Nbd7 13. f3 Qc7 14. Nh3 h6 15. Re2 Rad8 16. g4 Nf8 17. Rg2 Qe7 {1-0 Seidel,J (2036)-Kopylov,D (2128) Hofheim Spring op-A 4th 2016 (1)}) 12. h3 Nh5 13. Bh2 g6 14. Nf4 Nxf4 15. Bxf4 Nd7 16. f3 Qf6 17. Bg3 Bg7 18. Bf2 Rad8 19. e4 dxe4 20. fxe4 Qd6 {[%emt 0:00:10] Threatens to win with ...Nc5.} 21. Rd1 Qb4 22. Qc2 Nb6 23. a3 Qc4 24. b3 Qa6 25. a4 Qa5 26. e5 f5 {[%emt 0:08:47] Against Ne4} 27. exf6 Bxf6 28. Ne4 Be7 29. Nc5 (29. Bg3 {with more complications.} Nd7 30. Kh2 Rf8 31. Rxf8+ Nxf8 32. Nc5) 29... Bxc5 30. dxc5 Rxd1 31. Qxd1 (31. Rxd1 $5 Nd5 $8 32. Rd4 $11) 31... Nd5 32. Qg4 Qd2 33. Qd7 Rf8 34. Qe6+ Kg7 35. Qe5+ Kh6 36. Bd4 Rxf1+ 37. Kxf1 Qf4+ 38. Qxf4+ Nxf4 $11 {[%emt 0:00:07][%mdl 4096] Endgame KB-KN} 39. Be3 g5 40. h4 Kh5 41. hxg5 Ne6 42. Ke2 Kg4 43. Kd3 {[%emt 0:00:00] [#] Ke4 would be deadly.} Nxg5 44. Kd4 Nf7 45. Bf2 Kf4 46. Be1 (46. b4 $11) 46... h5 (46... Nd8 $15 47. g3+ Kf5) 47. b4 Nd8 48. Bd2+ $1 Kf5 49. b5 $2 {[%emt 0:00:00][%mdl 8192] [#]} (49. Bc3 $11) 49... Ne6+ $1 $19 50. Kc4 Ke4 $2 ({Better is} 50... Kg4 $19 {White must now prevent ...Kg3.} 51. Bc3 Kg3) 51. Kb4 $11 Kd4 52. Be1 Nf4 {[%emt 0:00:00] Hoping for ...Nd3+.} (52... Kd5 $5 53. bxc6 Kxc6 $17) 53. Bc3+ $2 (53. bxc6 $11 bxc6 54. Bf2+ Ke4 55. Ka5) 53... Kd5 54. bxc6 Kxc6 {[%emt 0:00:00] Weighted Error Value: White=0.33/Black=0.16 (very precise)} (54... bxc6 $2 {too greedy.} 55. g3 Nd3+ 56. Ka5 $19) 0-1

[Event "1st FIDE Olympiad DIS 2023"]
[Site "Belgrade"]
[Date "2023.01.31"]
[Round "2.7"]
[White "Gurbanov, Andrei"]
[Black "Zivic, Dragan"]
[Result "1-0"]
[ECO "D00"]
[WhiteElo "2275"]
[BlackElo "2186"]
[Annotator "TA"]
[PlyCount "69"]
[EventDate "2023.01.30"]
[EventType "team-tourn"]
[EventCountry "SRB"]
[SourceTitle "playchess.com"]
[Source "ChessBase"]
[SourceQuality "1"]
[WhiteTeam "Israel"]
[BlackTeam "Serbia"]
[WhiteTeamCountry "ISR"]
[BlackTeamCountry "SRB"]
[TimeControl "40/5400+30:1800+30"]

1. d4 Nf6 2. Nc3 d5 3. Bf4 c6 4. e3 Bf5 5. Nf3 h6 6. Ne5 {[%emt 0:01:01] D00: 1 d4 d5: Unusual lines.} e6 7. g4 Bh7 {[%emt 0:02:43] [#]} 8. a3 $146 {[%emt 0:02:43] The position is equal.} ({Predecessor:} 8. h4 Nfd7 9. Bd3 Nxe5 10. Bxe5 Bxd3 11. cxd3 Nd7 12. Bg3 Be7 13. Kf1 Qb6 14. Qe2 {1-0 Naroditsky,D (2617)-Yu,Y (2716) Speed Chess Q2 blitz 2022 (13)}) 8... Nbd7 9. h4 Nxe5 10. Bxe5 Nd7 11. Bg3 f6 12. Bd3 Qe7 13. Bxh7 Rxh7 14. Qd3 Rh8 15. O-O-O e5 $2 ({Black should try} 15... Nb6 $14) 16. e4 $18 dxe4 17. Qxe4 O-O-O 18. dxe5 fxe5 19. Rhe1 ({White should play} 19. f4 $18) 19... Qf6 20. Bxe5 {[%emt 0:08:38] White is much more active. The black rooks are badly placed.} ({Better is} 20. Qa4 a6 21. Qc4) 20... Qxf2 {[%emt 0:06:04] [#]} (20... Nxe5 $16 21. Qxe5 Bd6 22. Qxf6 gxf6) 21. Bd4 $1 Qxh4 22. Bxa7 {[%emt 0:00:09] aiming for Na4.} Qg5+ 23. Be3 Qa5 24. Na4 (24. Rd3 $18 {and White stays clearly on top.}) 24... g6 $2 {[%emt 0:04:02][%mdl 8192] [#]} 25. Nb6+ $1 {[%emt 0:08:30][%mdl 512] White is clearly winning.} Nxb6 (25... Kb8 26. Qf4+) 26. Rxd8+ ({Stronger than} 26. Qxg6 Bxa3 27. Qe6+ (27. Bxb6 Bxb2+ {[%mdl 64] Decoy} 28. Kxb2 Qxb6+ 29. Kc1 Qb4 $17) 27... Kb8 28. Bxb6 Bxb2+ 29. Kxb2 Qxb6+ 30. Qb3 Qc5 $15) 26... Kxd8 27. Bxb6+ Qxb6 28. Qe8+ (28. Qxg6 Qf2 29. Qe8+ Kc7 $17) 28... Kc7 {[%emt 0:00:22] White must now prevent ...Qd4.} 29. Qe5+ (29. Qxg6 $2 {loses.} Qf2 30. Rd1 Be7 $19) 29... Bd6 30. Qg7+ Kb8 31. Qxh8+ Ka7 32. Qxh6 Qf2 33. Qe3+ Qxe3+ 34. Rxe3 Bf4 {[%emt 0:00:08] [#]} 35. Kd2 $1 {[%emt 0:00:01] Weighted Error Value: White=0.34/Black=0.34} 1-0

[Event "1st FIDE Olympiad DIS 2023"]
[Site "Belgrade"]
[Date "2023.01.31"]
[Round "2.7"]
[White "Dorner, Matthias"]
[Black "Kozhabekov, Adilkhan"]
[Result "1/2-1/2"]
[ECO "A48"]
[WhiteElo "2180"]
[BlackElo "1939"]
[Annotator "TA"]
[PlyCount "42"]
[EventDate "2023.01.30"]
[EventType "team-tourn"]
[EventCountry "SRB"]
[SourceTitle "playchess.com"]
[Source "ChessBase"]
[SourceQuality "1"]
[WhiteTeam "Germany"]
[BlackTeam "Kazakhstan"]
[WhiteTeamCountry "GER"]
[BlackTeamCountry "KAZ"]
[TimeControl "40/5400+30:1800+30"]

1. d4 Nf6 2. c3 g6 3. Bf4 Bg7 4. e3 O-O 5. Nd2 d6 6. Ngf3 Nbd7 7. Be2 {[%emt 0:00:59] A48: 1 d4 Nf6 2 Nf3 g6: Torre, London and Colle Systems.} Qe8 8. Nc4 Nh5 {[%emt 0:04:26] [#]} 9. Bg3 $146 ({Predecessor:} 9. Bg5 e5 10. h3 h6 11. Bh4 b6 12. Nfd2 Nhf6 13. O-O Bb7 14. dxe5 Nxe5 15. Nxe5 dxe5 {1-0 Cuello Alcaria,J (1926)-Monte,L (1532) Marplatense Elo op 2018 (8)}) 9... Nxg3 10. hxg3 e5 11. dxe5 Nxe5 (11... dxe5 $15 {deserves consideration.} 12. Qc2 Nc5) 12. Ncxe5 dxe5 13. Bc4 Qe7 (13... b5 $5 14. Bd5 Rb8 $15) 14. a4 Bf5 15. Qb3 c6 16. O-O Rad8 17. Rfd1 Bg4 {[%emt 0:01:41] Hoping for ...Rxd1+.} 18. Rxd8 Rxd8 19. Nh2 Bf5 20. Nf3 Bg4 21. Nh2 Bf5 {[%emt 0:00:32] Weighted Error Value: White=0.09 (flawless) /Black=0.11 (very precise)} 1/2-1/2

[Event "1st FIDE Olympiad DIS 2023"]
[Site "Belgrade"]
[Date "2023.01.31"]
[Round "2.8"]
[White "Ilic, Slobodan S"]
[Black "Aleksandrova, Aleksandra"]
[Result "0-1"]
[ECO "A10"]
[WhiteElo "2027"]
[BlackElo "1701"]
[Annotator "TA"]
[PlyCount "63"]
[EventDate "2023.01.30"]
[EventType "team-tourn"]
[EventCountry "SRB"]
[SourceTitle "playchess.com"]
[Source "ChessBase"]
[SourceQuality "1"]
[WhiteTeam "Bosnia  Herzegovina"]
[BlackTeam "Israel"]
[WhiteTeamCountry "BIH"]
[BlackTeamCountry "ISR"]
[TimeControl "40/5400+30:1800+30"]

1. c4 d6 2. Nf3 c6 3. Nc3 Nd7 4. g3 e5 5. Bg2 Be7 6. O-O {[%emt 0:00:32] A10: English Opening: Unusual Replies for Black.} a5 {[%emt 0:01:41] [#]} 7. d3 $146 ({Predecessor:} 7. e3 Ngf6 8. Qc2 O-O 9. b3 Qc7 10. d4 Re8 11. Bb2 Nf8 12. Rad1 Bg4 13. dxe5 dxe5 {1-0 Collicott,P (1741)-Redmond,N (1577) GBR-ch U1750 op 104th 2017 (1)}) 7... h5 8. d4 {[%emt 0:05:50] White is slightly better.} h4 9. dxe5 (9. c5 $14) 9... dxe5 $11 10. Qc2 hxg3 (10... h3 $5 11. Bh1 $8 Qc7 $11) 11. hxg3 Qc7 12. Bg5 Nc5 13. Be3 Nh6 ({Black should try} 13... Nf6 $15) 14. Bxc5 $1 Bxc5 15. Na4 Be7 16. c5 Be6 17. e4 Ng4 18. Rfe1 Bd8 19. Nb6 Ra6 20. Nc4 (20. Qc3 $1 $11) 20... Be7 $15 21. Ne3 Nxe3 22. Rxe3 Qc8 (22... g6 $15) 23. Nxe5 $14 Bh3 (23... Ra8 {seems wilder.} 24. Rd1 Bh3 25. Qb3 Be6) 24. Bf3 (24. g4 {looks sharper.} Bxg4 25. Nxg4 Qxg4 26. Qb3) 24... Qe6 25. Nd3 Qh6 (25... Bg5 $11 {might be stronger.}) 26. Ree1 (26. Qb3 $14 Bc8 27. Kf1 (27. Ne5 Qh2+ 28. Kf1 Qh3+ 29. Ke2 Qe6 $11)) 26... g5 27. Ne5 (27. Qb3 $11 Bc8 28. Rad1) 27... f6 $15 28. Nc4 {[%emt 0:03:01] [#] Black must now prevent e5.} Bxc5 $40 {[%emt 0:00:30][%mdl 128] Black has some attack.} ({Reject} 28... Bg4 29. Bg2 $11) (28... g4 $1 $15 29. Bh1 Bf1 {[%mdl 64] Discovered Attack, Decoy} 30. Kxf1 Qxh1+ 31. Ke2 Qf3+ 32. Kd2 Bxc5) 29. Ne3 Bxe3 30. Rxe3 {[%emt 0:00:32] And now e5 would win.} g4 31. Qb3 $2 gxf3 $19 32. Qd1 {[%emt 0:03:14] Weighted Error Value: White=0.32/Black=0.17 (very precise)} 0-1

[Event "1st FIDE Olympiad DIS 2023"]
[Site "Belgrade"]
[Date "2023.01.31"]
[Round "2.8"]
[White "Zhukovskaya, Nina"]
[Black "Rivas Cabrera, Edgar"]
[Result "0-1"]
[ECO "A24"]
[WhiteElo "1474"]
[BlackElo "1987"]
[Annotator "TA"]
[PlyCount "116"]
[EventDate "2023.01.30"]
[EventType "team-tourn"]
[EventCountry "SRB"]
[SourceTitle "playchess.com"]
[Source "ChessBase"]
[SourceQuality "1"]
[WhiteTeam "Kazakhstan"]
[BlackTeam "Venezuela"]
[WhiteTeamCountry "KAZ"]
[BlackTeamCountry "VEN"]
[TimeControl "40/5400+30:1800+30"]

1. c4 Nf6 2. Nc3 g6 3. d3 Bg7 4. Bd2 e5 5. Rb1 d6 6. g3 c6 7. Bg2 Nbd7 8. Nf3 O-O 9. O-O Re8 {[%emt 0:04:01] A24: English Opening vs King's Indian: Lines without ...Nc6.} 10. b4 d5 {[%emt 0:09:33] [#]} 11. e3 $146 ({Predecessor:} 11. cxd5 cxd5 12. Qb3 Nb6 13. a4 d4 14. Nd1 Be6 15. Qa3 Bd5 16. a5 Nc8 17. Nb2 {1-0 Hecko,D (2107)-Gazikova,V (2093) SVK-chT1W 1314 2013 (2.8)}) 11... b6 (11... dxc4 $15 12. dxc4 e4) 12. Ne1 (12. b5 $11) 12... Bb7 13. b5 {[%emt 0:04:40] Strongly threatening bxc6.} Nc5 14. bxc6 Bxc6 15. d4 (15. cxd5 $15 Nxd5 16. Ne4) 15... exd4 $17 16. exd4 Nce4 17. cxd5 Nxc3 (17... Bxd5 $6 18. Nxd5 Nxd5 19. Bxe4 Rxe4 20. Nf3 $11) 18. Bxc3 Nxd5 ({Better is} 18... Bxd5 $17 19. Bxd5 Qxd5) 19. Ba1 Rc8 20. Nf3 Bd7 21. Rc1 Be6 (21... Rxc1 $15 22. Qxc1 Be6) 22. a3 ({White should play} 22. Rxc8 $11 Bxc8 23. Ne5) 22... Bh6 (22... Qd7 {is interesting.} 23. Ne5 Qb5 24. Qd2 Qb3) 23. Rxc8 Qxc8 24. Nd2 {[%emt 0:02:01] [#]} (24. Ne5 $11 {keeps the balance.}) 24... Nc3 $2 (24... Qa6 $1 $17 25. Bb2 Qb5) 25. Bxc3 $18 Qxc3 26. Nb1 ({White has to play} 26. Ne4 $18 Qb3 27. Nf6+ Kf8 28. Qe2 (28. Nxh7+ $2 Kg7 $19)) 26... Qc4 $36 {[%emt 0:02:50][%mdl 2048] Black is in control. Black is much more active. The white rooks are badly placed.} 27. Re1 Rd8 28. Re4 (28. d5 $17 {keeps fighting.}) 28... Bf5 29. Bf1 Qa2 30. Re1 Bc2 31. Nc3 (31. Qg4 $17 {only move.} Qd5 32. Qe2) 31... Qb3 $19 (31... Qxa3 32. Qxc2 Rc8 33. Nb5 $18) (31... Bxd1 32. Nxa2 Rxd4 33. Nc3 $17) 32. Qf3 Bd2 ({Don't take} 32... Rxd4 33. Qf6 Rd7 34. Re8+ Bf8 35. Bh3 Qxa3 36. Bxd7 $18) (32... Rc8 $142 33. d5 Rxc3) 33. Qf6 $2 {[%emt 0:03:26] [#]} (33. Re7 {was the crucial defense.} Bxc3 34. d5) 33... Rf8 $1 34. Re7 Bxc3 35. Qc6 Bxd4 (35... Qxa3 $2 {is the wrong capture.} 36. Re3 $19) 36. Bc4 Qb1+ 37. Kg2 Bb3 {[%emt 0:00:22] ...Qc2 would be deadly.} 38. Re8 (38. Qb5 $142 Ba2 39. Qxb1 Bxb1 40. Rd7) 38... Bxc4 39. Rxf8+ Kxf8 40. Qxc4 Qe4+ 41. Kf1 Qh1+ 42. Ke2 Bc5 43. Qc3 Qe4+ 44. Kf1 Qd4 45. Qf3 a5 {[%emt 0:00:40] And now ...Qb2 would win.} 46. h3 Qa1+ 47. Kg2 Qxa3 48. Qf6 Kg8 {[%emt 0:00:55] ( -> ...Qa2)} 49. h4 Qb4 {[%emt 0:00:27] Black mates.} 50. h5 Qd4 ({Stronger than} 50... gxh5 51. Qg5+ Kh8 52. Qf6+ Kg8 53. Qg5+ Kh8 54. Qf6+ Kg8 $11) 51. Qf3 gxh5 52. Qf5 Qg4 53. Qf6 a4 54. Qd8+ Kg7 55. Qd3 a3 56. Qc2 h4 57. Qc3+ Qd4 58. Qf3 {[%emt 0:00:13] [#]} Qxf2+ $1 {[%emt 0:00:07] Weighted Error Value: White=0.91/Black=0.46} 0-1

[Event "1st FIDE Olympiad DIS 2023"]
[Site "Belgrade"]
[Date "2023.01.31"]
[Round "2.8"]
[White "Zhukovskaya, Nina"]
[Black "Mekus, Manuela"]
[Result "*"]
[ECO "A24"]
[WhiteElo "1474"]
[BlackElo "1624"]
[Annotator "NA RC COMBH"]
[PlyCount "40"]
[EventDate "2023.01.30"]
[EventType "team-tourn"]
[EventCountry "SRB"]
[SourceTitle "playchess.com"]
[Source "ChessBase"]
[SourceQuality "1"]
[WhiteTeam "Kazakhstan"]
[BlackTeam "Germany"]
[WhiteTeamCountry "KAZ"]
[BlackTeamCountry "GER"]
[TimeControl "40/5400+30:1800+30"]

1. c4 Nf6 2. Nc3 g6 3. d3 Bg7 4. Bd2 e5 5. Rb1 d6 6. g3 c6 7. Bg2 Nbd7 8. Nf3 O-O 9. O-O Re8 10. b4 d5 11. e3 b6 12. Ne1 Bb7 13. b5 Nc5 14. bxc6 Bxc6 15. d4 exd4 16. exd4 Nce4 17. cxd5 Nxc3 18. Bxc3 Nxd5 19. Ba1 Rc8 20. Nf3 Bd7 *

[Event "1st FIDE Olympiad DIS 2023"]
[Site "Belgrade"]
[Date "2023.01.31"]
[Round "2.9"]
[White "Sarkar, Justin"]
[Black "Zambo, Zoltan Istvan"]
[Result "1-0"]
[ECO "B41"]
[WhiteElo "2345"]
[BlackElo "2301"]
[Annotator "TA"]
[PlyCount "93"]
[EventDate "2023.01.30"]
[EventType "team-tourn"]
[EventCountry "SRB"]
[SourceTitle "playchess.com"]
[Source "ChessBase"]
[SourceQuality "1"]
[WhiteTeam "United States"]
[BlackTeam "Hungary"]
[WhiteTeamCountry "USA"]
[BlackTeamCountry "HUN"]
[TimeControl "40/5400+30:1800+30"]

1. e4 c5 2. Nf3 e6 3. d4 cxd4 4. Nxd4 a6 5. c4 Nf6 6. Nc3 Bb4 7. Qd3 {[%emt 0:02:08] seems to push 7.Bd3 aside. B41: Sicilian: Kan Variation: 5 c4.} O-O 8. e5 Ne8 (8... Ng4 9. Qg3 Qa5 10. Bf4 $16) 9. a3 (9. Bf4 $14) 9... Bxc3+ $11 10. Qxc3 d6 {[%emt 0:01:04] Black is weak on the dark squares} 11. Bf4 dxe5 (11... f6 $5 12. exd6 e5 $11) 12. Bxe5 f6 13. Bg3 e5 14. Nc2 Nc6 {[%emt 0:00:51] [#]} 15. Be2 $146 ({Predecessor:} 15. Bd3 Be6 16. O-O Rc8 17. f4 Qc7 18. fxe5 Nxe5 19. Bxe5 fxe5 20. Rxf8+ Kxf8 21. Bxh7 Bxc4 {½-½ Sarkar,J (2346)-Warakomski,T (2535) Warsaw Maciei Memorial blitz 2022 (9)}) 15... Qe7 16. O-O f5 17. f3 $1 f4 18. Bf2 Bf5 (18... Qg5 $11) 19. b4 Qg5 20. b5 Bh3 21. Ne1 (21. bxc6 $2 Qxg2#) 21... Ne7 ({Black should try} 21... Nd4 $14 22. Bxd4 exd4 23. Qxd4 Rd8) 22. Kh1 $16 Bc8 23. Nd3 Ng6 24. Rfe1 (24. Nc5 $16) 24... Nf6 $14 25. Nc5 e4 {[%emt 0:15:03][%mdl 64] [#] Prevents Bd3. Deflection} 26. Nxe4 {[%emt 0:01:22] White is more active.} Nxe4 27. fxe4 {[%emt 0:00:03] aiming for Rad1.} Bg4 $1 28. Bf1 Rad8 (28... f3 $11 {keeps the balance.} 29. g3 axb5) 29. bxa6 $16 {[%emt 0:03:48] Black is on the road to losing.} bxa6 30. c5 $36 {[%emt 0:00:07][%mdl 2048] Black is under strong pressure.} f3 {[%emt 0:01:26] [#]} (30... Ne5 $16) 31. g3 $1 $18 (31. Bxa6 $2 fxg2+ 32. Kg1 Ne5 $19) 31... Ne5 (31... Rde8 $142 32. c6 (32. Bxa6 Ne5 $18) 32... Ne5) 32. Rad1 (32. Bxa6 $6 Qd2 33. Qxd2 (33. Qxe5 $2 Qxf2 34. Bf1 Rd2 $19) 33... Rxd2 $16) 32... Rxd1 33. Rxd1 {[%emt 0:00:03][%cal Od1d5] Threatens to win with Rd5!} Be6 {[%emt 0:00:48] Inhibits Rd5.} 34. h4 (34. Bxa6 Ng4 35. Kg1 Qh5 $18) 34... Qh5 35. Rd6 (35. Bxa6 Ng4 36. Kg1 Nf6 $18) 35... Bc8 (35... Ba2 $142 36. Kg1 Qe8) 36. Rd5 ({Inferior is} 36. Bxa6 Bxa6 37. Rxa6 Qg4 $11) 36... Re8 37. Bd4 Qg4 38. Rxe5 Rxe5 39. Bxe5 {[%emt 0:00:05] Strongly threatening Qb3+. A strong pair of Bishops.} Be6 {[%emt 0:00:05] Wards off Qb3} 40. Qd4 (40. Bxa6 $2 {is a self mate.} Qh3+ 41. Kg1 Qg2#) 40... f2 41. Qd8+ (41. Bxa6 $2 Qh3#) 41... Kf7 42. Qc7+ (42. Bxa6 $2 Qh3#) 42... Ke8 43. Qc6+ Bd7 44. Qa8+ (44. Qxa6 Qxe4+ 45. Kh2 Bc6 46. Qc8+ (46. Bxg7 $2 Qh1#) 46... Kf7 47. Qc7+ Ke8 48. Qb8+ (48. Bxg7 $2 Qh1#) 48... Kf7 $18) 44... Kf7 45. Kh2 {[%emt 0:01:28] Qa7 is the strong threat.} (45. Bxa6 $2 Qh3#) 45... Be6 46. Qb7+ (46. Bxa6 $2 Qh3#) 46... Ke8 47. Bd6 {[%emt 0:00:31] Weighted Error Value: White=0.14 (very precise) /Black=0.27 (precise)} 1-0

[Event "1st FIDE Olympiad DIS 2023"]
[Site "Belgrade"]
[Date "2023.01.31"]
[Round "2.9"]
[White "Banda Aaron"]
[Black "Rivas Cabrera, Edgar"]
[Result "*"]
[ECO "D05"]
[WhiteElo "1901"]
[BlackElo "1987"]
[Annotator "TA"]
[PlyCount "35"]
[EventDate "2023.01.30"]
[EventType "team-tourn"]
[EventCountry "SRB"]
[SourceTitle "playchess.com"]
[Source "ChessBase"]
[SourceQuality "1"]
[WhiteTeam "Zambia"]
[BlackTeam "Venezuela"]
[WhiteTeamCountry "ZAM"]
[BlackTeamCountry "VEN"]
[TimeControl "40/5400+30:1800+30"]

1. d4 d5 2. Nf3 Nf6 3. e3 e6 4. Be2 c5 5. Nbd2 Nc6 6. c3 {[%emt 0:03:04] D05: Colle System with ...e6.} Bd6 7. b3 O-O 8. Bb2 {[%emt 0:00:34] [#]} Qe7 $146 ({Predecessor:} 8... b6 9. O-O Bb7 10. g3 Qe7 11. Nh4 Qc7 12. f4 Ne7 13. Ng2 Rac8 14. Rc1 Rfd8 {½-½ Mogstad,O (2170)-Torgersen,T (2129) NOR-ch 2016 email}) 9. a3 Rd8 10. O-O b6 11. Re1 Bb7 12. Bd3 Rac8 13. e4 (13. c4 $11 {remains equal.}) 13... dxe4 14. Nxe4 cxd4 {[%emt 0:00:40] [#] aiming for ...Nxe4.} 15. cxd4 Nd5 16. Nxd6 Rxd6 17. Rc1 Qd8 18. Bb1 {[%emt 0:02:59] Weighted Error Value: White=0.21 (precise) /Black=0.13 (very precise)} *